[Event "December 19 Late 2023"]
[Site "https://www.chess.com"]
[Date "2023.12.19"]
[Round "1"]
[White "Flynn, Jacob"]
[Black "Beerdsen, Thomas"]
[Result "0-1"]
[Board "44"]
[TimeControl "180+1"]
[WhiteFideId "2509393"]
[BlackFideId "1030108"]
[WhiteElo "2100"]
[BlackElo "2550"]
[WhiteTeam "IRL"]
[BlackTeam "NED"]
[WhiteClock "0:00:00"]
[BlackClock "0:00:53"]

1. d4 Nf6 2. c4 a6 3. Nc3 b5 4. cxb5 axb5 5. Nxb5 e5 6. dxe5 Ne4 7. Nc3 Bb4 8. Bd2 Bxc3 9. Bxc3 Nxc3 10. bxc3 Nc6 11. Nf3 Qe7 12. e3 Ra3 13. Be2 Nxe5 14. O-O Rxc3 15. a4 O-O 16. Qd4 Nxf3+ 17. Bxf3 Rc5 18. Rfc1 Rxc1+ 19. Rxc1 d6 20. g3 c5 21. Qe4 Qa7 22. Rd1 Bd7 23. Rxd6 Bxa4 24. Be2 Qc7 25. Qd5 Bb3 26. Qc6 Qa7 27. Kg2 Be6 28. Qb6 Qa8+ 29. Bf3 Bh3+ 30. Kxh3 Qxf3 31. Rd8 Qf5+ 32. Kg2 g6 33. Rd6 Qe4+ 34. Kg1 Ra8 35. Rd1 c4 36. Rc1 Rc8 37. Qd4 Qe6 38. Rc3 h5 39. h4 Kf8 40. e4 Ke7 41. Kg2 Rc7 42. Qe3 Qe5 43. Kg1 Kf8 44. Kg2 Kg7 45. Kg1 f6 46. Kg2 g5 47. hxg5 fxg5 48. Kg1 h4 49. gxh4 gxh4 50. Kh1 Kh7 51. Rc1 c3 52. Qe2 Qg5 0-1

[Event "December 19 Late 2023"]
[Site "https://www.chess.com"]
[Date "2023.12.19"]
[Round "1"]
[White "Abasov, Nijat"]
[Black "Sroczynski, Maciej"]
[Result "1-0"]
[Board "45"]
[TimeControl "180+1"]
[WhiteFideId "13402960"]
[BlackFideId "1121472"]
[WhiteElo "2561"]
[BlackElo "2266"]
[WhiteTeam "AZE"]
[BlackTeam "POL"]
[WhiteClock "0:00:17"]
[BlackClock "0:00:15"]

1. e4 c5 2. Nf3 d6 3. d4 cxd4 4. Nxd4 Nf6 5. Nc3 a6 6. Be2 e5 7. Nb3 Be7 8. Be3 Be6 9. O-O Nbd7 10. a4 O-O 11. a5 Rc8 12. Qd2 Qc7 13. Rfd1 Qc6 14. Ra4 Rfd8 15. h3 Nc5 16. Nxc5 dxc5 17. Qe1 c4 18. Bf3 Bc5 19. Bxc5 Qxc5 20. Nd5 Bxd5 21. exd5 e4 22. Be2 c3 23. Qxc3 Qxc3 24. bxc3 Rxc3 25. Rb1 Rxc2 26. Bc4 Ne8 27. Rxb7 Nd6 28. Bxa6 Ra8 29. Rb6 Nf5 30. Rxe4 Rc5 31. Bb7 Rd8 32. a6 Nd6 33. Rxd6 1-0

[Event "December 19 Late 2023"]
[Site "https://www.chess.com"]
[Date "2023.12.19"]
[Round "1"]
[White "Rengifo Blancas, Renzo Jhonathan"]
[Black "Durarbayli, Vasif"]
[Result "0-1"]
[Board "46"]
[TimeControl "180+1"]
[WhiteFideId "3807185"]
[BlackFideId "13402935"]
[WhiteElo "2040"]
[BlackElo "2551"]
[WhiteTeam "PER"]
[BlackTeam "AZE"]
[WhiteClock "0:00:00"]
[BlackClock "0:00:07"]

1. e4 c5 2. c3 d5 3. exd5 Qxd5 4. d4 Nf6 5. Nf3 Bg4 6. Be2 Nc6 7. O-O e6 8. h3 Bh5 9. Be3 cxd4 10. cxd4 Be7 11. Nc3 Qd6 12. a3 O-O 13. Qb3 a6 14. Rfd1 Rfd8 15. Rac1 b5 16. Qa2 Rab8 17. g4 Bg6 18. Bg5 b4 19. axb4 Nxb4 20. Qa3 Ne4 21. Bxe7 Qxe7 22. Ne5 Qh4 23. Nxe4 Bxe4 24. Bf3 Bc2 25. Rd2 Qxh3 26. Rcxc2 Nxc2 27. Rxc2 Rxd4 28. Qe7 Rf4 29. Qc7 Rf8 30. Bg2 Rxg4 31. Nxg4 Qxg4 32. Qg3 Qd1+ 33. Kh2 Qxc2 34. Qc7 Qxc7+ 0-1

[Event "December 19 Late 2023"]
[Site "https://www.chess.com"]
[Date "2023.12.19"]
[Round "1"]
[White "Margvelashvili, Giorgi"]
[Black "Grindaveci"]
[Result "1-0"]
[Board "47"]
[TimeControl "180+1"]
[WhiteFideId "13602926"]
[WhiteElo "2549"]
[BlackElo "2447"]
[WhiteTeam "GEO"]
[WhiteClock "0:00:33"]
[BlackClock "0:00:02"]

1. Nf3 d5 2. c4 e6 3. e3 Nf6 4. b3 Be7 5. Bb2 O-O 6. d4 c6 7. Nbd2 Nbd7 8. Bd3 dxc4 9. Nxc4 c5 10. O-O b6 11. Nfe5 Bb7 12. Qe2 cxd4 13. exd4 Nd5 14. Qg4 N7f6 15. Qg3 b5 16. Ne3 a6 17. Rae1 Qa5 18. Nxd5 Bxd5 19. a3 Rac8 20. b4 Qb6 21. Qh3 h6 22. Re3 a5 23. Rg3 Kh8 24. Bc1 Ng8 25. Qg4 Bf6 26. Be3 Rc7 27. Qh5 Qb7 28. Ng6+ fxg6 29. Qxg6 1-0

[Event "December 19 Late 2023"]
[Site "https://www.chess.com"]
[Date "2023.12.19"]
[Round "1"]
[White "Melikhov, Evgeny V."]
[Black "Salinas Herrera, Pablo"]
[Result "0-1"]
[Board "48"]
[TimeControl "180+1"]
[WhiteFideId "4122046"]
[BlackFideId "3407128"]
[WhiteElo "2165"]
[BlackElo "2538"]
[WhiteTeam "GRE"]
[BlackTeam "CHI"]
[WhiteClock "0:00:00"]
[BlackClock "0:00:41"]

1. d4 d6 2. e4 g6 3. c4 Bg7 4. Nc3 Nd7 5. Be3 e5 6. d5 Ne7 7. Qd2 f5 8. f3 O-O 9. O-O-O Nf6 10. Bd3 a6 11. Nge2 b5 12. c5 Kh8 13. c6 b4 14. Na4 a5 15. h3 fxe4 16. fxe4 Ba6 17. g4 Neg8 18. Ng3 Qb8 19. Bxa6 Rxa6 20. Qd3 Ra8 21. b3 Qc8 22. Kb1 Ne7 23. Qe2 Nfg8 24. Nb2 Rf4 25. Bxf4 exf4 26. Nf1 Qf8 27. Nd2 g5 28. Ndc4 Ng6 29. Nd3 Qf6 30. e5 dxe5 31. Qe4 a4 32. Rhf1 axb3 33. axb3 N8e7 34. Rf3 Nxd5 35. Qxd5 e4 36. Nde5 Nxe5 37. Nxe5 Qxe5 38. Qxe5 Bxe5 0-1

[Event "December 19 Late 2023"]
[Site "https://www.chess.com"]
[Date "2023.12.19"]
[Round "1"]
[White "Gokerkan, Cem Kaan"]
[Black "Kazmaier, Daniel"]
[Result "1-0"]
[Board "49"]
[TimeControl "180+1"]
[WhiteFideId "6336760"]
[BlackFideId "2606089"]
[WhiteElo "2365"]
[BlackElo "2446"]
[WhiteTeam "TUR"]
[BlackTeam "CAN"]
[WhiteClock "0:00:23"]
[BlackClock "0:00:15"]

1. e4 e6 2. d4 d5 3. Nd2 Nf6 4. e5 Nfd7 5. c3 c5 6. Bd3 b6 7. Qg4 Ba6 8. Bxa6 Nxa6 9. Ngf3 h5 10. Qg3 Rc8 11. O-O cxd4 12. cxd4 Nb4 13. Nb3 a5 14. Bg5 Qc7 15. a3 a4 16. Rfc1 Nc6 17. Nbd2 Qb7 18. Nb1 Na5 19. Rxc8+ Qxc8 20. Nc3 Qc6 21. Ne2 Nc4 22. Nd2 Nxb2 23. Rc1 Nc4 24. Nf4 b5 25. Nf1 Ndb6 26. Bh4 Qd7 27. Rc3 Rg8 28. Qg5 Be7 29. Qxh5 Bxh4 30. Qxh4 Qe7 31. Qh7 Kf8 32. Ng6+ fxg6 33. Rf3+ Ke8 34. Qxg8+ Kd7 35. Rf7 Nxa3 36. Rxe7+ Kxe7 37. Qxg7+ Kd8 38. Qf8+ Kc7 39. Qxa3 Nc4 40. Qc5+ Kd8 41. Qxb5 a3 42. Qa6 1-0

[Event "December 19 Late 2023"]
[Site "https://www.chess.com"]
[Date "2023.12.19"]
[Round "1"]
[White "Federzoni, Enzo"]
[Black "Yeletsky, Ivan"]
[Result "0-1"]
[Board "50"]
[TimeControl "180+1"]
[WhiteFideId "2173301"]
[BlackFideId "24180327"]
[WhiteElo "2053"]
[BlackElo "2379"]
[WhiteTeam "BRA"]
[BlackTeam "RUS"]
[WhiteClock "0:00:05"]
[BlackClock "0:00:12"]

1. d4 d6 2. e4 c6 3. Nc3 Nf6 4. f4 Qa5 5. Nf3 Nxe4 6. Qd3 Bf5 7. Nh4 e6 8. Nxf5 exf5 9. Bd2 Nxd2 10. Qxd2 d5 11. Bd3 g6 12. Qe2+ Kd7 13. Qe5 Rg8 14. Qf6 Rg7 15. O-O Qd8 16. Qe5 Qe7 17. Rfe1 Qxe5 18. Rxe5 Bd6 19. Re2 Bxf4 20. Rae1 Bg5 21. Re8 Bd8 22. Na4 b6 23. c4 Na6 24. cxd5 Nc7 25. dxc6+ Kxc6 26. R8e2 Bf6 27. Rc2+ Kd6 28. Be2 Bxd4+ 29. Kf1 Ne6 30. Rd1 Rd8 31. Nc3 Ke5 32. Rcd2 Bxc3 33. Rxd8 Nxd8 34. Rxd8 Bxb2 35. Rd7 a5 36. Bc4 a4 37. Bxf7 Kf6 38. Be8 Rxd7 39. Bxd7 a3 40. Ke2 Be5 41. h3 h5 42. Be8 h4 43. Kd3 Bb2 44. Ba4 Ke5 45. Ke3 Bd4+ 46. Kf3 Bc5 47. Bb3 Bd6 48. Ba4 g5 49. Bd7 Bc7 50. Ke3 Bd8 51. Kf3 Be7 52. Ke3 Bb4 53. Kf3 Bd2 54. Ke2 Bc1 55. Kf3 Bb2 56. Ke3 Bd4+ 57. Kf3 Kf6 58. Ke2 Bc5 59. Kf3 Bf8 60. Ke2 Ke5 61. Kf3 Be7 62. Ke2 Kf4 63. Kf2 Bf8 64. Ke2 Bc5 65. Kf1 g4 66. hxg4 fxg4 67. Bc6 Kg3 68. Bd5 Bd4 69. Bc6 Be5 70. Bd5 Bf6 71. Bc6 Bg7 72. Bd5 Bf8 73. Bc6 Bb4 74. Bd5 h3 75. gxh3 gxh3 76. Bc6 Bc5 77. Bd5 b5 78. Bc6 h2 79. Bd5 b4 80. Bc6 b3 81. axb3 a2 0-1

[Event "December 19 Late 2023"]
[Site "https://www.chess.com"]
[Date "2023.12.19"]
[Round "1"]
[White "Livaic, Leon"]
[Black "Xie, Bryan"]
[Result "1-0"]
[Board "51"]
[TimeControl "180+1"]
[WhiteFideId "14531534"]
[BlackFideId "30941296"]
[WhiteElo "2541"]
[BlackElo "2033"]
[WhiteTeam "CRO"]
[BlackTeam "USA"]
[WhiteClock "0:00:03"]
[BlackClock "0:00:04"]

1. d4 d5 2. c4 dxc4 3. e3 Nf6 4. Bxc4 e6 5. Nf3 c5 6. O-O a6 7. b3 b5 8. Be2 Nbd7 9. a4 b4 10. Bb2 Bb7 11. Nbd2 Be7 12. Rc1 Rc8 13. Nc4 O-O 14. Nfe5 Nxe5 15. dxe5 Nd5 16. Qd2 Qc7 17. Rfd1 Rfd8 18. Qc2 Nb6 19. Bd3 Nxc4 20. Qxc4 Qc6 21. f3 Qb6 22. Qg4 c4 23. Bxc4 Qxe3+ 24. Kh1 a5 25. Bd4 Qg5 26. Qxg5 Bxg5 27. Rb1 Bf4 28. Bb6 Rxd1+ 29. Rxd1 Bxe5 30. Bxa5 Bc3 31. Bb6 g5 32. a5 Rxc4 33. bxc4 b3 34. Rb1 b2 35. c5 g4 36. Kg1 gxf3 37. gxf3 Bxf3 38. a6 Kf8 39. a7 Ke7 40. Kf2 Be4 41. Ke3 f5 42. Rg1 Kd7 43. c6+ Bxc6 44. Bd4 f4+ 45. Kd3 Bxd4 46. Kxd4 f3 47. Ke3 Kc7 48. Rb1 Kb7 49. Rxb2+ Kxa7 50. Rb4 Bd5 51. Rh4 Kb6 52. Rxh7 Kc5 53. Rg7 Kd6 54. h4 Ke5 55. h5 Kf6 56. h6 e5 57. Rg3 f2 58. Kxf2 Be4 59. Ke3 Bg6 60. Kf3 Kf5 61. Ke3 Kf6 62. Rg1 Kf5 63. Kd2 e4 64. Ke3 Kf6 65. Kf4 Bh7 66. Rg2 Bg6 67. Rg3 Kf7 68. Ke5 Bh5 69. h7 e3 70. h8=Q e2 71. Rg7# 1-0

[Event "December 19 Late 2023"]
[Site "https://www.chess.com"]
[Date "2023.12.19"]
[Round "1"]
[White "Lopusiewicz, Piotr"]
[Black "Boruchovsky, Avital"]
[Result "0-1"]
[Board "52"]
[TimeControl "180+1"]
[WhiteFideId "1116029"]
[BlackFideId "2800055"]
[WhiteElo "2286"]
[BlackElo "2450"]
[WhiteTeam "POL"]
[BlackTeam "ISR"]
[WhiteClock "0:00:00"]
[BlackClock "0:00:03"]

1. d4 Nf6 2. c4 g6 3. Nc3 d5 4. Nf3 Bg7 5. h4 h6 6. Qb3 dxc4 7. Qxc4 O-O 8. e4 a6 9. e5 b5 10. Qb3 Ne8 11. h5 g5 12. Nxg5 Nc6 13. Be3 Nxd4 14. Bxd4 Qxd4 15. Nf3 Qc5 16. Ne4 Qc6 17. Bd3 Be6 18. Nd4 Qb6 19. Nxe6 fxe6 20. O-O c5 21. Bc2 Bxe5 22. Qe3 Bf4 23. Qxc5 Qxc5 24. Nxc5 Ng7 25. Bb3 Kh8 26. Nxe6 Nxe6 27. Bxe6 Be5 28. Rad1 Bxb2 29. Rd7 Ba3 30. Rfd1 Bc5 31. R1d2 Bd6 32. g3 Rf6 33. Bb3 Rc8 34. Kg2 Kg7 35. f4 Rc5 36. Rd3 Rxh5 37. Kf3 Rc5 38. Ra7 Rc6 39. g4 Kf8 0-1

[Event "December 19 Late 2023"]
[Site "https://www.chess.com"]
[Date "2023.12.19"]
[Round "1"]
[White "FontVella8"]
[Black "Serra Canals, Oriol"]
[Result "1/2-1/2"]
[Board "53"]
[TimeControl "180+1"]
[BlackFideId "22276084"]
[WhiteElo "2833"]
[BlackElo "2108"]
[BlackTeam "ESP"]
[WhiteClock "0:00:06"]
[BlackClock "0:00:56"]

1. e4 e6 2. d4 d5 3. Bd3 dxe4 4. Bxe4 Nf6 5. Bf3 c5 6. Ne2 Nc6 7. Be3 cxd4 8. Nxd4 Bd7 9. O-O Be7 10. c4 a6 11. Nc3 Qc7 12. Rc1 Ne5 13. Be2 O-O 14. h3 Rfd8 15. b3 Rac8 16. Qc2 Nc6 17. Nf3 h6 18. Rfd1 Be8 19. Rxd8 Rxd8 20. Rd1 Rxd1+ 21. Qxd1 Ne5 22. Nxe5 Qxe5 23. Qd4 Qxd4 24. Bxd4 Bc6 25. Kf1 Nd7 26. Be3 Bf6 27. Bd2 Nc5 28. b4 Ne4 29. Nxe4 Bxe4 30. a4 Bd4 31. b5 axb5 32. axb5 Kf8 33. Bb4+ Ke8 34. f3 Bc2 35. Ke1 Kd7 36. Kd2 Bf5 37. Bd3 Bxd3 38. Kxd3 e5 39. c5 g6 40. Kc4 Ke6 41. b6 f5 42. f4 g5 43. fxe5 Bxe5 44. Bd2 Bb8 45. Bc1 Ke5 46. Bb2+ Ke6 47. Bg7 h5 48. Bh6 g4 49. Kd4 f4 50. hxg4 hxg4 51. Ke4 f3 52. gxf3 gxf3 53. Be3 Bh2 54. Kxf3 Kd5 55. Ke2 Kc6 56. Kd3 Bg3 57. Kd4 Bh2 58. Kc4 Bg3 59. Bd4 Bh2 60. Bf6 Bg3 61. Be7 Bf2 62. Bd6 Bg1 63. Kb4 Bf2 64. Kc4 Bg1 65. Bf8 Bf2 66. Be7 Bg1 67. Kb4 Bf2 68. Bd6 Bg1 69. Kc4 Bf2 70. Bf8 Bg1 71. Kb4 Bf2 72. Kc4 Bg1 73. Kb4 Bf2 74. Kc4 1/2-1/2

[Event "December 19 Late 2023"]
[Site "https://www.chess.com"]
[Date "2023.12.19"]
[Round "1"]
[White "Devagharan, Devina"]
[Black "Carlsson, Ludvig"]
[Result "1-0"]
[Board "54"]
[TimeControl "180+1"]
[WhiteFideId "2061600"]
[BlackFideId "1727010"]
[WhiteElo "2426"]
[BlackElo "2364"]
[WhiteTeam "USA"]
[BlackTeam "SWE"]
[WhiteClock "0:00:10"]
[BlackClock "0:00:33"]

1. d4 Nf6 2. c4 e6 3. Nc3 c5 4. d5 exd5 5. cxd5 d6 6. e4 g6 7. Bd3 Bg7 8. f4 O-O 9. Nf3 b5 10. O-O c4 11. Bc2 b4 12. Ne2 Re8 13. Ng3 Bg4 14. h3 Bxf3 15. Qxf3 Nbd7 16. Be3 a5 17. Rad1 a4 18. Rfe1 b3 19. axb3 axb3 20. Bb1 Qc7 21. Bd4 Rac8 22. Kh2 Nb6 23. Bxb6 Qxb6 24. e5 Nd7 25. e6 Nf6 26. exf7+ Kxf7 27. f5 g5 28. Re6 h6 29. Nh5 Rg8 30. Rde1 Qd8 31. Nxf6 Bxf6 32. Qh5+ Kf8 33. Qxh6+ Bg7 34. Qh5 Bxb2 35. f6 Bxf6 36. Rf1 Rg7 37. Rfxf6+ Kg8 38. Rg6 Qd7 39. Rxg7+ Qxg7 40. Rg6 c3 41. Rxg7+ Kxg7 42. Qxg5+ Kf8 43. Qf5+ Ke7 44. Qxc8 c2 45. Bxc2 b2 46. Qb7+ Kf6 47. Qxb2+ Kg5 48. Qc1+ Kf6 49. Bb3 Ke5 50. Qe3+ Kf6 51. Qe6+ Kg5 52. Qxd6 Kh5 53. Qe5+ Kh6 54. Qg3 Kh7 55. d6 Kh6 56. d7 Kh5 57. d8=Q Kh6 58. Qdg5+ Kh7 59. Qg7# 1-0

[Event "December 19 Late 2023"]
[Site "https://www.chess.com"]
[Date "2023.12.19"]
[Round "1"]
[White "Fawzy, Adham"]
[Black "Balla, Tamas-Kristof"]
[Result "1-0"]
[Board "55"]
[TimeControl "180+1"]
[WhiteFideId "10613129"]
[BlackFideId "1208497"]
[WhiteElo "2550"]
[BlackElo "2306"]
[WhiteTeam "EGY"]
[BlackTeam "ROU"]
[WhiteClock "0:02:19"]
[BlackClock "0:00:30"]

1. e4 c5 2. Nf3 Nc6 3. d4 cxd4 4. Nxd4 e5 5. Nb5 d6 6. a4 Be7 7. N1c3 a6 8. Na3 Be6 9. Bc4 Nf6 10. O-O O-O 11. Bg5 Rc8 12. Bxf6 Bxf6 13. Nd5 Be7 14. c3 Kh8 15. b4 f5 16. Nb6 Bxc4 17. Naxc4 Rb8 18. exf5 Rxf5 19. a5 Rf6 20. Qd5 Rg6 21. Rad1 Qf8 22. Nd7 Qf5 23. Nxb8 Nxb8 24. Qxb7 Qf8 25. Nb6 h6 26. Rd3 Kh7 27. Rf3 Qe8 28. Qe4 Bg5 29. Rd1 Kh8 30. Nc4 Qe6 31. Ne3 Nd7 32. Qf5 Qe8 33. Nc4 d5 34. Rxd5 e4 35. Rg3 Nf6 36. Ne5 1-0

[Event "December 19 Late 2023"]
[Site "https://www.chess.com"]
[Date "2023.12.19"]
[Round "1"]
[White "Spichkin, Alexander"]
[Black "Khlebovich, Alexander"]
[Result "0-1"]
[Board "56"]
[TimeControl "180+1"]
[WhiteFideId "4144074"]
[BlackFideId "4169123"]
[WhiteElo "1955"]
[BlackElo "2334"]
[WhiteTeam "RUS"]
[BlackTeam "RUS"]
[WhiteClock "0:02:12"]
[BlackClock "0:01:20"]

1. f4 c5 2. Nf3 Nc6 3. d3 g6 4. e4 Bg7 5. Be2 d6 6. O-O Nf6 7. Nc3 O-O 8. Qe1 Nd4 9. Bd1 e6 10. Qh4 Nd7 11. Qg3 f5 12. Ne2 Nxf3+ 13. Qxf3 Nf6 14. c3 c4 15. exf5 cxd3 16. Qxd3 gxf5 17. Bb3 d5 18. Nd4 Ne4 19. Nf3 Bd7 20. Be3 Qc7 21. Ne5 a6 22. Bd4 Bb5 23. c4 dxc4 24. Bxc4 Bxe5 25. Bxb5 Bxd4+ 26. Qxd4 axb5 27. Rac1 Qd6 28. Qe3 Rac8 29. Rcd1 Qc5 30. Rd4 Rcd8 31. Rfd1 Rxd4 32. Rxd4 Qc2 33. h3 Qxb2 34. Rd7 Qc3 35. Qe2 Qc1+ 36. Kh2 Qxf4+ 37. Kg1 Qc1+ 38. Kh2 Qh1+ 39. Kxh1 Ng3+ 40. Kh2 Nxe2 41. Rxb7 Nc3 42. a3 Ra8 43. Rc7 Rxa3 44. Rc5 b4 45. Rc8+ Kg7 46. Kg3 Nd5+ 47. Kh4 Rc3 48. Rb8 Rc4+ 49. Kh5 Nf6+ 50. Kg5 h6# 0-1

[Event "December 19 Late 2023"]
[Site "https://www.chess.com"]
[Date "2023.12.19"]
[Round "1"]
[White "Hamidi, Amir Mohammad"]
[Black "Novak, Ratko"]
[Result "0-1"]
[Board "57"]
[TimeControl "180+1"]
[WhiteFideId "12563285"]
[BlackFideId "14511827"]
[WhiteElo "2217"]
[BlackElo "2036"]
[WhiteTeam "IRI"]
[BlackTeam "CRO"]
[WhiteClock "0:00:00"]
[BlackClock "0:01:52"]

1. Nf3 d5 2. c4 d4 3. b4 c5 4. b5 f6 5. d3 e5 6. g3 Bd6 7. Bg2 Ne7 8. e3 Kf8 9. exd4 cxd4 10. O-O g6 11. Re1 Kg7 12. Nbd2 Nd7 13. a4 Rb8 14. a5 b6 15. axb6 axb6 16. Ba3 Bxa3 17. Rxa3 Nc5 18. Ne4 Nxe4 19. Rxe4 Bb7 20. Re1 Re8 21. Ra7 Kh8 22. Nxe5 fxe5 23. Rxb7 Rxb7 24. Bxb7 Nf5 25. Be4 Qd6 26. Bxf5 gxf5 27. Qh5 Qg6 28. Qxg6 hxg6 29. f3 Kg7 30. Kf2 Kf6 31. Ra1 e4 32. fxe4 fxe4 33. dxe4 Rxe4 34. Ra6 Re6 35. Ra3 g5 36. Rd3 Ke5 37. Rd1 Rd6 38. Kf3 Rf6+ 39. Kg4 Rf2 40. h4 gxh4 41. Kxh4 Rc2 42. Re1+ Kd6 43. g4 Kc5 44. g5 Rg2 45. Rc1 d3 46. Kh5 d2 47. Ra1 Kxc4 48. g6 Kxb5 49. Kh6 Kc4 50. g7 Kc3 51. Kh5 Rxg7 52. Rg1 Rxg1 0-1

[Event "December 19 Late 2023"]
[Site "https://www.chess.com"]
[Date "2023.12.19"]
[Round "1"]
[White "Figorito, Nick"]
[Black "Wieczorek, Oskar"]
[Result "1-0"]
[Board "58"]
[TimeControl "180+1"]
[WhiteFideId "30923689"]
[BlackFideId "1133950"]
[WhiteElo "2415"]
[BlackElo "2407"]
[WhiteTeam "USA"]
[BlackTeam "POL"]
[WhiteClock "0:00:15"]
[BlackClock "0:00:05"]

1. Nf3 c5 2. g3 g6 3. Bg2 Bg7 4. O-O Nc6 5. c4 e5 6. d3 Nge7 7. Nc3 O-O 8. Ne1 Rb8 9. Nc2 a6 10. a4 d6 11. Bg5 h6 12. Bxe7 Nxe7 13. Ne3 Kh7 14. Ned5 Nc6 15. Rc1 f5 16. e3 h5 17. h4 a5 18. Ne2 Nb4 19. Nec3 Be6 20. b3 f4 21. exf4 exf4 22. Nxf4 Rxf4 23. gxf4 Qxh4 24. Qf3 Bd4 25. Ne4 Rf8 26. Ng5+ Qxg5 27. fxg5 Rxf3 28. Bxf3 Nxd3 29. Rcd1 Nf4 30. Bxb7 Nh3+ 31. Kg2 Nxg5 32. f4 Nf7 33. Bd5 Bxd5+ 34. cxd5 Nh6 35. Rfe1 Nf5 36. Rxd4 Nxd4 37. Re7+ Kg8 38. Rb7 Kf8 39. Kg3 Nf5+ 40. Kf3 h4 41. Kg4 Ne3+ 42. Kxh4 Nxd5 43. Kg5 Ke8 44. Ra7 Kd8 45. Rxa5 Kc7 46. Ra7+ Kc6 47. a5 Kb5 48. Rd7 Kc6 49. Rg7 Kb5 50. Rxg6 Kxa5 51. Rxd6 Ne3 52. f5 Kb4 53. Rc6 Kxb3 54. Rxc5 Kb4 55. Rc8 Kb5 56. f6 1-0

[Event "December 19 Late 2023"]
[Site "https://www.chess.com"]
[Date "2023.12.19"]
[Round "1"]
[White "Troff, Kayden"]
[Black "Mizzi, Jack"]
[Result "1-0"]
[Board "59"]
[TimeControl "180+1"]
[WhiteFideId "2047896"]
[BlackFideId "5602521"]
[WhiteElo "2544"]
[BlackElo "2127"]
[WhiteTeam "USA"]
[BlackTeam "MLT"]
[WhiteClock "0:00:16"]
[BlackClock "0:00:01"]

1. d4 Nf6 2. Nf3 e6 3. Bf4 d5 4. e3 Bd6 5. Ne5 c5 6. Nc3 cxd4 7. Qxd4 Nc6 8. Nxc6 bxc6 9. Bg5 e5 10. Qh4 Be7 11. Bd3 e4 12. Be2 h6 13. O-O Be6 14. Rfd1 Qa5 15. Rab1 O-O 16. Bf4 Rfe8 17. Qg3 Kh7 18. h3 Rac8 19. Bg4 Nxg4 20. hxg4 g5 21. Be5 f6 22. Bd6 Bxd6 23. Qxd6 Qc7 24. Qxc7+ Rxc7 25. f3 Bc8 26. Kf2 Rce7 27. fxe4 Bxg4 28. Rd4 dxe4 29. b4 f5 30. g3 Rf8 31. Rd6 f4 32. gxf4 gxf4 33. Rh1 h5 34. Rxc6 fxe3+ 35. Kxe3 Rf3+ 36. Kd4 Rd7+ 37. Nd5 Rf2 38. c4 Rd8 39. Re1 Bf3 40. Ke3 Rg2 41. Nf4 Rg4 42. Nxh5 Rg5 43. Nf4 Rf5 44. Rc7+ Kg8 45. Rg1+ Kh8 46. Ng6+ Kg8 47. Ne7+ Kf8 48. Nxf5 Rd3+ 49. Kf4 Rd2 50. Nh6 Ke8 51. Rg8# 1-0

[Event "December 19 Late 2023"]
[Site "https://www.chess.com"]
[Date "2023.12.19"]
[Round "1"]
[White "Kubatko, Ivan"]
[Black "Bryakin, Mikhail"]
[Result "0-1"]
[Board "60"]
[TimeControl "180+1"]
[WhiteFideId "24111473"]
[BlackFideId "4165314"]
[WhiteElo "2285"]
[BlackElo "2495"]
[WhiteTeam "RUS"]
[BlackTeam "SRB"]
[WhiteClock "0:00:00"]
[BlackClock "0:01:11"]

1. e4 Nf6 2. e5 Nd5 3. c4 Nb6 4. a4 a5 5. c5 Nd5 6. Nc3 Nb4 7. Bc4 d5 8. cxd6 cxd6 9. Nf3 d5 10. Bb5+ N8c6 11. d4 Bg4 12. h3 Bh5 13. e6 f6 14. Bf4 g5 15. g4 Bg6 16. Bg3 Nc2+ 17. Kf1 Nxa1 18. Qxa1 Bg7 19. Qe1 O-O 20. Qe3 Nb4 21. Kg2 Qb6 22. h4 h6 23. hxg5 fxg5 24. Nxg5 hxg5 25. Qxg5 Qxe6 26. Bd7 Qf6 27. Qe3 Ra6 28. g5 Qf7 29. Be5 Bxe5 30. dxe5 e6 31. Bb5 Rc6 32. Rh6 d4 33. Qxd4 Qf3+ 34. Kg1 Rxc3 35. Qxc3 Qxf2+ 36. Kh1 Be4+ 0-1

[Event "December 19 Late 2023"]
[Site "https://www.chess.com"]
[Date "2023.12.19"]
[Round "1"]
[White "Mikaelyan, Arman"]
[Black "Atanejhad, Sahebali"]
[Result "1-0"]
[Board "61"]
[TimeControl "180+1"]
[WhiteFideId "13304852"]
[BlackFideId "12506664"]
[WhiteElo "2445"]
[BlackElo "1957"]
[WhiteTeam "ARM"]
[BlackTeam "IRI"]
[WhiteClock "0:00:25"]
[BlackClock "0:00:09"]

1. d4 Nf6 2. Nf3 c5 3. c3 d5 4. dxc5 Nc6 5. b4 Bg4 6. e3 e5 7. Be2 e4 8. Nd4 Bxe2 9. Qxe2 Ne5 10. Qb5+ Qd7 11. Qxd7+ Kxd7 12. O-O Nd3 13. Nd2 a5 14. N2b3 axb4 15. cxb4 Be7 16. Bd2 Ra4 17. a3 Rha8 18. Na5 Nxc5 19. bxc5 R4xa5 20. Bxa5 Rxa5 21. Rfb1 Kc7 22. Rb5 Rxb5 23. Nxb5+ Kc6 24. Nd4+ Kxc5 25. Rb1 b6 26. Rb5+ Kc4 27. Rxb6 Bxa3 28. Rb7 Bc5 29. Nf5 g6 30. Nh6 d4 31. exd4 Bxd4 32. Rxf7 Nd5 33. Rxh7 Nf4 34. Ng4 Kd3 35. Rd7 Ne6 36. Ne5+ Ke2 37. Ng4 Bc5 38. Rd5 Ba7 39. g3 Nc5 40. Kg2 Nd3 41. Rd7 Bxf2 42. Rxd3 exd3 43. Nxf2 d2 44. g4 Ke3 45. Kg3 g5 46. h3 Ke2 47. Ne4 d1=Q 48. Nc3+ Kd2 49. Nxd1 Kxd1 50. h4 gxh4+ 51. Kxh4 Ke2 52. g5 Kf3 53. g6 Kf4 54. g7 Kf5 55. g8=Q Kf6 56. Kg4 Ke5 57. Qf8 Kd4 58. Qd6+ Kc3 59. Kf4 Kb2 60. Ke4 Ka1 61. Qb6 1-0

[Event "December 19 Late 2023"]
[Site "https://www.chess.com"]
[Date "2023.12.19"]
[Round "1"]
[White "Buchenau, Frank"]
[Black "Rustemov, Alexander"]
[Result "0-1"]
[Board "62"]
[TimeControl "180+1"]
[WhiteFideId "4604350"]
[BlackFideId "4119002"]
[WhiteElo "2157"]
[BlackElo "2800"]
[WhiteTeam "GER"]
[BlackTeam "RUS"]
[WhiteClock "0:00:00"]
[BlackClock "0:00:38"]

1. e4 e6 2. d4 d5 3. Nd2 dxe4 4. Nxe4 Bd7 5. Nf3 Bc6 6. Bd3 Nd7 7. O-O Ngf6 8. Ned2 Be7 9. Re1 O-O 10. Nc4 Bd5 11. Bf4 c5 12. c3 Rc8 13. Nd6 Bxd6 14. Bxd6 Re8 15. dxc5 Nxc5 16. Bb5 Qxd6 17. c4 Red8 18. cxd5 Qxd5 19. Qxd5 Nxd5 20. Rac1 Nb4 21. a3 Nbd3 22. Bxd3 Nxd3 23. Rxc8 Rxc8 24. Rb1 Rc2 25. Rd1 Rxb2 26. Ne5 Ra2 27. Nxd3 Rxa3 28. Nc5 Kf8 29. Nxb7 Ke7 30. Kf1 a5 31. Nc5 Rc3 32. Ne4 Rc4 33. Nd6 Rb4 34. Nc8+ Kf6 35. Rd7 Kg6 36. Nd6 f6 37. Ne8 a4 38. Rxg7+ Kf5 39. Ra7 Ke4 40. Nxf6+ Kd3 41. g3 Kc2 42. Kg2 Kb2 43. Nd7 a3 44. Nc5 Rc4 45. Nd3+ Kb3 46. h4 a2 47. Rb7+ Kc2 48. Ra7 Kb3 49. Rb7+ Ka3 50. Ra7+ Ra4 0-1

[Event "December 19 Late 2023"]
[Site "https://www.chess.com"]
[Date "2023.12.19"]
[Round "1"]
[White "Dourerassou, Jonathan"]
[Black "Gurevich, Dmitry"]
[Result "1-0"]
[Board "63"]
[TimeControl "180+1"]
[WhiteFideId "628050"]
[BlackFideId "2000407"]
[WhiteElo "2499"]
[BlackElo "2506"]
[WhiteTeam "FRA"]
[BlackTeam "USA"]
[WhiteClock "0:01:10"]
[BlackClock "0:00:13"]

1. d4 Nf6 2. Bg5 c5 3. Bxf6 gxf6 4. d5 d6 5. c4 Bg7 6. Nc3 f5 7. Qc2 a6 8. e3 b5 9. cxb5 O-O 10. Bd3 axb5 11. Bxf5 Bxf5 12. Qxf5 Qd7 13. Qc2 Na6 14. Nf3 Nc7 15. e4 f5 16. O-O b4 17. Ne2 fxe4 18. Qxe4 Rae8 19. Ng3 Bxb2 20. Ng5 e6 21. Qg4 Kh8 22. dxe6 Nxe6 23. Rae1 Rf6 24. Nh5 Rg6 25. h4 Be5 26. f4 Bd4+ 27. Kh1 h6 28. f5 Ng7 29. Rxe8+ Nxe8 30. fxg6 1-0

[Event "December 19 Late 2023"]
[Site "https://www.chess.com"]
[Date "2023.12.19"]
[Round "1"]
[White "Jarocka, Liwia"]
[Black "Ghasi, Ameet K"]
[Result "0-1"]
[Board "64"]
[TimeControl "180+1"]
[WhiteFideId "21807558"]
[BlackFideId "409200"]
[WhiteElo "2001"]
[BlackElo "2558"]
[WhiteTeam "POL"]
[BlackTeam "ENG"]
[WhiteClock "0:02:28"]
[BlackClock "0:02:14"]

1. e4 g6 2. c3 Bg7 3. d4 d6 4. Nf3 Nc6 5. Be2 Nf6 6. Bd2 Nxe4 7. O-O Nxd2 8. Nbxd2 O-O 9. Re1 e5 10. dxe5 dxe5 11. Bb5 f6 12. Ne4 Qe7 13. Qb3+ Kh8 14. Rad1 Bg4 15. Be2 Rab8 16. h3 Be6 17. Qa4 0-1